 Dungeon Crawl Stone Soup version 0.30.0-29-ga12c61a403 (webtiles) character file.

Game seed: 17943923677533485630

51 Nicoed the Changer (level 3, 0/23 HPs)
             Began as an Octopode Transmuter on June 25, 2023.
             Succumbed to an adder's poison
             ... on level 2 of the Dungeon.
             The game lasted 00:01:00 (880 turns).

Nicoed the Changer (Octopode Transmuter)             Turns: 880, Time: 00:01:00

Health: 0/23       AC:  1    Str: 11    XL:     3   Next: 81%
Magic:  6/6        EV: 13    Int: 15    God:
Gold:   22         SH:  0    Dex: 12    Spells: 3/6 levels left

rFire   . .          .
                       - Unarmed
rCold   . . .        (no shield)
rNeg    . . .        (helmet currently unavailable)
rPois   .            (no amulet)
rElec   .            (no ring)
rCorr   .            (no ring)
SInv    .            (no ring)
Will    .....        (no ring)
Stlth   ++           (no ring)
HPRegen 0.23/turn    (no ring)
MPRegen 0.10/turn    (no ring)
                     (no ring)

%: no passive effects
@: lethally poisoned (0 -> -6), appendages (expiring)
A: tentacle spike 3, almost no armour, amphibious, 8 rings, camouflage 1,
gelatinous body 1, (nimble swimmer 1), tentacles
a: End Transformation


You were on level 2 of the Dungeon.
One of your tentacles had grown a beastly spike.
You visited 1 branch of the dungeon, and saw 2 of its levels.

You collected 22 gold pieces.

Inventory:

Scrolls
 b - a scroll of amnesia {unknown}
 c - 4 scrolls of identify {unknown}
 e - 2 scrolls of teleportation {unknown}
Potions
 a - a potion of lignification
 d - 2 potions of curing {unknown}


   Skills:
 - Level 1.0 Fighting
 - Level 2.0 Dodging
 - Level 3.0 Unarmed Combat
 - Level 2.0 Spellcasting
 + Level 4.0 Transmutations


You had 3 spell levels left.
You knew the following spells:

 Your Spells              Type           Power      Damage    Failure   Level
a - Beastly Appendage     Tmut           26%        N/A       4%          1
b - Wereblood             Tmut           13%        N/A       6%          2

Your spell library contained the following spells:

 Spells                   Type           Power      Damage    Failure   Level
 Spider Form              Tmut/Pois      7%         N/A       28%         3
 Ice Form                 Ice/Tmut       7%         N/A       67%         4


Dungeon Overview and Level Annotations

Branches:
Dungeon (2/15)

Altars:


Innate Abilities, Weirdness & Mutations

One of your tentacles has grown a beastly spike.
You cannot wear most types of armour.
You are amphibious.
You can wear up to eight rings at the same time.
Your skin changes colour to match your surroundings (Stealth+).
Your rubbery body absorbs attacks. (AC +1, EV +1)
((You are camouflaged when in or above water. (Stealth+)))
You have tentacles for arms and can constrict up to eight enemies at once.


Message History

Your transformation is almost over.
An adder comes into view.
Natasha mumbles some strange words.
Natasha closely misses you.
The cerulean imp hits you from afar with a +0 spear.
You tentacle-slap Natasha but do no damage.
You grab Natasha. You constrict Natasha. Natasha claws you!
The cerulean imp hits you from afar with a +0 spear.
Unknown command.
You tentacle-slap Natasha.
Natasha is moderately wounded.
You constrict Natasha. Natasha misses you. The cerulean imp barely misses you.
The adder bites you.
You are poisoned.
The adder poisons you!
Unknown command.
Unknown command.
You tentacle-slap Natasha.
You pierce Natasha.
Natasha is almost dead.
You constrict Natasha.
You feel sick. The adder bites you.
* * * LOW HITPOINT WARNING * * *
You are lethally poisoned!
The adder poisons you!
Natasha mumbles some strange words.
The cerulean imp barely misses you.
Unknown command.
You barely miss Natasha.
Your tentacle spike misses Natasha.
Natasha is almost dead.
You constrict Natasha.
You kill Natasha!
Natasha growls in agony!
The cerulean imp disappears in a puff of smoke! x2
* * * LOW HITPOINT WARNING * * *
You feel sick. The adder bites you.
* * * LOW HITPOINT WARNING * * *
Your Transmutations skill increases to level 4!
Unknown command.
You barely miss the adder. Your grab misses the adder.
You pierce the adder, but do no damage.
Your squeeze misses the adder.
You die...

########..........
..................
..................
..................
.........###+#+#######
[........###+#........
.............).......#
.....................#
..............@S§....#
...####....###......#
... #....# ......# ..
♣....♣ §.....# ♣♣...♣
......# ♣♣.♣♣ ......#
......# ......#


You could see an adder.

Vanquished Creatures
  Natasha (D:2)
  2 ball pythons (D:1)
  2 endoplasms (D:1)
  2 giant cockroaches (D:1)
  2 goblins
  4 hobgoblins (D:1)
  2 kobolds (D:1)
  2 quokkas (D:1)
  2 bats (D:1)
  5 rats (D:1)
24 creatures vanquished.

Notes
Turn   | Place    | Note
-------+----------+-------------------------------------------
     0 | D:1      | Nicoed the Octopode Transmuter began the quest for the Orb.
     0 | D:1      | Reached XP level 1. HP: 13/13 MP: 3/3
   188 | D:1      | Reached XP level 2. HP: 18/18 MP: 1/5
   249 | D:1      | Learned a level 2 spell: Wereblood
   334 | D:1      | Reached skill level 3 in Transmutations
   724 | D:1      | Reached XP level 3. HP: 23/23 MP: 6/6
   871 | D:2      | Noticed Natasha
   879 | D:2      | Killed Natasha
   880 | D:2      | Reached skill level 4 in Transmutations
   880 | D:2      | Succumbed to an adder's poison

Illustrated notes

Levels and vault maps discovered:
D:1:      dpeg_arrival_erosion, layout_loops_ring
D:2:      cheibrodos_greedy_goblins, layout_basic, basic_altar,
          kennysheep_big_empty_room, uniq_crazy_yiuf_cottage, uniq_natasha

Skill      XL: |  1  2  3 |
---------------+----------+-----
Transmutations | 3 4 |  4.0
Fighting       | |  1.0
Dodging        | |  2.0
Unarmed Combat | |  3.0
Spellcasting   | |  2.0

Action                     || total
---------------------------++-------
  Melee: Unarmed           ||    40
         Kick              ||    16
         Constrict         ||    10
         Tentacles         ||     3
   Cast: Beastly Appendage ||    18
   Stab: Sleeping          ||     5
 Armour: Skin              ||     3
  Dodge: Dodged            ||    22
